 Dungeon Crawl Stone Soup version 0.30.0-5-g1a98f26d00 (webtiles) character file.

Game seed: 6585391211806871032

482 SnakkuSnakku7 the Insei (level 7, -7/38 HPs)
             Began as a Vine Stalker Fire Elementalist on May 13, 2023.
             Mangled by a gnoll
             ... wielding a +0 halberd
              (8 damage)
             ... on level 4 of the Dungeon.
             The game lasted 00:04:44 (2648 turns).

SnakkuSnakku7 the Insei (VSFE)                      Turns: 2648, Time: 00:04:45

Health: -7/38      AC:  8    Str: 13    XL:     7   Next: 12%
Magic:  0/11       EV: 10    Int: 15    God:
Gold:   150        SH:  0    Dex: 14    Spells: 9/10 levels left

rFire   . .          .
                       - Unarmed
rCold   . . .        (no shield)
rNeg    . . .        e - +0 ring mail
rPois   .            t - +0 helmet
rElec   .            (no cloak)
rCorr   .            o - +0 pair of gloves
SInv    .            w - +0 pair of boots
Will    .....        r - amulet of magic regeneration
Stlth   +            (no ring)
HPRegen 1.06/turn    (no ring)
MPRegen 0.52/turn

%: guardian spirit
@: no status effects
A: fangs 2, regeneration 1, magic shield, antimagic bite, no potion heal 2
a: no special abilities


You were on level 4 of the Dungeon.
You visited 1 branch of the dungeon, and saw 4 of its levels.

You collected 260 gold pieces.
You spent 110 gold pieces at shops.

Inventory:

Missiles
 v - 11 poisoned darts
 y - 5 throwing nets
Armour
 a - a +0 robe
 e - a +0 ring mail (worn)
 o - a +0 pair of gloves (worn)
 t - a +0 helmet (worn)
 w - a +0 pair of boots (worn)
Jewellery
 r - an amulet of magic regeneration (around neck)
Scrolls
 d - 4 scrolls of identify {unknown}
 g - a scroll of fog {unknown}
 j - a scroll of immolation {unknown}
 m - a scroll of blinking {unknown}
 p - a scroll of teleportation {unknown}
 u - 3 scrolls of fear {unknown}
 x - a scroll of torment {unknown}
 B - a scroll of vulnerability {unknown}
 C - a scroll of amnesia {unknown}
Potions
 b - a potion of magic
 c - 2 potions of heal wounds {unknown}
 f - a potion of ambrosia {unknown}
 h - 2 potions of lignification {unknown}
 i - 2 potions of curing {unknown}
 k - 4 potions of mutation {unknown}
 l - 2 potions of flight {unknown}
 n - a potion of resistance {unknown}
 q - 2 potions of degeneration {unknown}
 s - a potion of berserk rage {unknown}
 z - a potion of haste {unknown}
 A - 2 potions of invisibility {unknown}


   Skills:
 + Level 4.4 Fighting
 - Level 1.5 Dodging
 - Level 2.4 Stealth
 + Level 4.9 Unarmed Combat
 - Level 2.1 Spellcasting
 - Level 1.0 Conjurations
 - Level 3.0 Fire Magic


You had 9 spell levels left.
You knew the following spells:

 Your Spells              Type           Power      Damage    Failure   Level
a - Foxfire               Conj/Fire      28%        2x1d5     22%         1

Your spell library contained the following spells:

 Spells                   Type           Power      Damage    Failure   Level
 Scorch                   Fire           20%        2d5       22%         2
 Ensorcelled Hibernation  Hex/Ice        2%         N/A       58%         2
 Passwall                 Tmut/Erth      0%         N/A       58%         2
 Sublimation of Blood     Necr           1%         N/A       58%         2
 Wereblood                Tmut           1%         N/A       58%         2
 Inner Flame              Hex/Fire       6%         N/A       61%         3
 Volatile Blastmotes      Fire/Tloc      12%        2d11      61%         3
 Swiftness                Air            1%         N/A       82%         3
 Flame Wave               Conj/Fire      7%         2d5       91%         4
 Summon Hydra             Summ           0%         N/A       100%        7


Dungeon Overview and Level Annotations

Branches:
Dungeon (4/15)
 Temple: D:4-7

Altars:
Cheibriados

Shops:
D:2 =**

Annotations:
D:3 2 transporters


Innate Abilities, Weirdness & Mutations

You have extremely sharp teeth.
Your natural rate of healing is unusually fast.
When hurt, damage is shared between your health and your magic reserves.
Your bite disrupts and absorbs the magic of your enemies.
Potions cannot restore your health.


Message History

The gnoll barely misses you. The hound bites you but does no damage.
The orc attacks as you move away! The orc hits you with a +0 mace.
A gnoll comes into view. It is wielding a +0 halberd.
The gnoll closely misses you. The hound bites you.
The hound attacks as you move away! The hound bites you but does no damage.
The hound attacks as you move away! The hound completely misses you.
An orc comes into view. It is wielding a +0 trident.
The orc shouts!
You hear a shout!
The hound bites you but does no damage.
An orc comes into view. It is wielding a +0 dagger.
The gnoll closely misses you.
Items here: ))))) [ †.
You hit the gnoll but do no damage. Your bite misses the gnoll.
The hound completely misses you. The gnoll hits you with a +0 halberd!
Unknown command.
You hit the gnoll. Your bite misses the gnoll.
The gnoll is moderately wounded.
The hound bites you but does no damage. The orc hits you with a +0 mace.
The gnoll barely misses you. x2; The hound bites you but does no damage.
You barely miss the gnoll.
The gnoll is moderately wounded.
The orc hits you with a +0 mace. The hound barely misses you.
The orc hits you from afar with a +0 trident.
The gnoll hits you but does no damage.
The gnoll hits you from afar with a +0 halberd!
Unknown command.
You barely miss the gnoll.
The gnoll is moderately wounded.
The hound barely misses you. The orc hits you with a +0 mace.
* * * LOW HITPOINT WARNING * * *
The orc barely misses you. The gnoll hits you with a +0 halberd!
* * * LOW HITPOINT WARNING * * *
The gnoll barely misses you.
You hit the gnoll.
The gnoll is severely wounded.
The hound barely misses you. The orc hits you but does no damage.
The orc hits you from afar with a +0 trident.
* * * LOW HITPOINT WARNING * * *
The gnoll hits you with a +0 halberd!
You die...

~≈~~~~~~~~~~~~≈~~~~~~~~≈#####≈~..
........................#o..#≈~..
#########################...#≈~..
....#'###≈~..
#############......#.≈≈~..
#8..8#......#....# #.≈≈~..
+....'..8#..##''##.#.~~~..
+....'.o8#oh.......#.~~~..
#....#.og@hg.......#.~≈~..
#.)..#########''##.#.≈≈~.. #....#
#.†..# #.~≈~.. #....#
#......#.~≈~.. #....#
'....#'###≈~..
########''''#############...#~≈P.
........^.............. #.o.#≈~..
~~~~~~≈~....~≈~~≈~~~~~~~#####≈~..
≈~~≈≈≈≈~....~≈≈≈≈≈≈≈≈≈≈~≈≈≈≈≈≈~..


You could see a hound, 2 gnolls, 3 orcs and a jackal.

Vanquished Creatures
  2 howler monkeys (D:4)
  A hound (D:4)
  Natasha (thrice) (D:2)
  An orc wizard (D:4)
  Robin (D:2)
  13 gnolls
  3 adders (D:2)
  3 dart slugs
  4 orcs (D:4)
  9 ball pythons
  4 bats
  An endoplasm (D:1)
  10 giant cockroaches
  12 goblins
  7 hobgoblins
  17 jackals
  10 kobolds
  3 quokkas
  2 frilled lizards
  3 rats
109 creatures vanquished.

Notes
Turn   | Place    | Note
-------+----------+-------------------------------------------
     0 | D:1      | SnakkuSnakku7 the Vine Stalker Fire Elementalist began the
                  | quest for the Orb.
     0 | D:1      | Reached XP level 1. HP: 9/9 MP: 4/4
    91 | D:1      | Reached skill level 1 in Unarmed Combat
    91 | D:1      | Reached XP level 2. HP: 4/14 MP: 3/6
   136 | D:1      | Reached skill level 1 in Fighting
   310 | D:1      | Reached XP level 3. HP: 17/18 MP: 5/7
   852 | D:2      | Noticed Natasha
   872 | D:2      | Killed Natasha
   873 | D:2      | Gained mutation: Your natural rate of healing is unusually
                  | fast. [Vine Stalker growth]
   873 | D:2      | Reached XP level 4. HP: 4/23 MP: 5/8
   901 | D:2      | Found Gogrod's Assorted Antiques.
   934 | D:2      | Noticed Natasha
   949 | D:2      | Killed Natasha
   976 | D:2      | Found Hoarooj's Assorted Antiques.
  1015 | D:2      | Found Olisem's Jewellery Shoppe.
  1044 | D:2      | Noticed Robin
  1048 | D:2      | Reached XP level 5. HP: 22/27 MP: 6/9
  1128 | D:2      | HP: 1/22 [Robin/+4 trident of flaming (1)]
  1130 | D:2      | Killed Robin
  1201 | D:2      | Noticed Natasha
  1252 | D:2      | Killed Natasha
  1326 | D:2      | Identified the +5 spear "Voehor" {chaos, Drain rF++ Will+
                  | Dex+4}
  1347 | D:2      | Bought a large peridot amulet for 110 gold pieces
  2015 | D:3      | Reached XP level 6. HP: 13/32 MP: 7/10
  2099 | D:3      | Found a snail-covered altar of Cheibriados.
  2100 | D:3      | Noticed a black bear
  2103 | D:3      | Found a transporter.
  2115 | D:3      | Found a transporter.
  2254 | D:4      | Found the +6 shillelagh "Devastator" {shatter}
  2588 | D:4      | Reached XP level 7. HP: 24/37 MP: 7/11
  2647 | D:4      | HP: 1/38 [gnoll/+0 halberd (9)]
  2648 | D:4      | Mangled by a gnoll

Illustrated notes

Levels and vault maps discovered:
D:1:      erik_arrival_triangle_medium, layout_rooms,
          dreamdust_princess_corridor
D:2:      minmay_roachtagon, layout_loops_ring, serial_shops,
          nicolae_shop_crystal, shop, nicolae_shop_tiny_glass,
          kennysheep_generic_room_8, uniq_robin, uniq_natasha
D:3:      layout_basic, gammafunk_temple_overflow_arena
D:4:      lemuel_castle_with_subvaults [lemuel_castle_interior_carwin_2],
          layout_loops_ring, nzn_overflow_gifts_of_might_and_magic,
          eat_drink_and_be_merry_uskayaw, serial_shops,
          nicolae_shop_behind_doors, minmay_ogre_servants, uniq_pargi

Skill      XL: |  1  2  3  4  5  6 |
---------------+-------------------+-----
Unarmed Combat | 1 2 3 4 |  4.9
Fighting       | 1 2 3 4 |  4.4
Dodging        | |  1.5
Stealth        | |  2.4
Spellcasting   | |  2.1
Conjurations   | |  1.0
Fire Magic     | |  3.0

Action                     |  1- 3 |  4- 6 |  7- 9 || total
---------------------------+-------+-------+-------++-------
  Melee: Unarmed           |   134 |   334 |    25 ||   493
         Bite              |    37 |    90 |     4 ||   131
         Punch             |     2 |     9 |     1 ||    12
   Cast: Foxfire           |       |     1 |       ||     1
   Stab: Sleeping          |     3 |     1 |       ||     4
 Armour: Robe              |     2 |       |       ||     2
         Ring mail         |    50 |   176 |    28 ||   254
  Dodge: Dodged            |    72 |   259 |    35 ||   366
